 Dungeon Crawl Stone Soup version 0.22.1-2-g9c5b331383 (webtiles) character file.

9622 Knicklaso the Transmogrifier (level 11, -9/93 HPs)
             Began as a Green Draconian Transmuter on Dec 8, 2018.
             Was a Priest of Ashenzari.
             Mangled by a white ugly thing (18 damage)
             ... on level 11 of the Dungeon.
             The game lasted 00:33:12 (11987 turns).

Knicklaso the Transmogrifier (DrTm)                Turns: 11987, Time: 00:33:12

Health: -9/93      AC: 14    Str: 12    XL:     11   Next: 25%
Magic:  2/21       EV: 15    Int: 19    God:    Ashenzari [***...]
Gold:   708        SH:  0    Dex: 13    Spells: 11/23 levels left

rFire    . . .     SeeInvis +   q - +7 whip "Med Foagonn" {elec, rN+ MR+ Int+3}
rCold    . . .     Gourm    .   (no shield)
rNeg     + . .     Faith    .   (armour unavailable)
rPois    +         Spirit   .   (helmet restricted)
rElec    .         Reflect  .   r - +2 cloak (curse)
rCorr    .         Harm     .   e - +0 pair of gloves
MR       ++...                  (no boots)
Stlth    +.........             (no amulet)
HPRegen  0.25/turn              l - ring of protection from magic (curse)
MPRegen  0.17/turn              z - +3 ring of protection

@: very slightly contaminated, slowed, very slow
A: breathe noxious fumes, unfitting armour, poison resistance, cold-blooded, AC
+7
a: Breathe Noxious Fumes, Curse Item, Scrying, Renounce Religion


You were on level 11 of the Dungeon.
You worshipped Ashenzari.
Ashenzari was most pleased with you.
You were not hungry.

You visited 1 branch of the dungeon, and saw 11 of its levels.

You collected 708 gold pieces.

Inventory:

Hand Weapons
 q - the +7 whip "Med Foagonn" (weapon) {elec, rN+ MR+ Int+3}
   (You found it on level 4 of the Dungeon)

   Occasionally, upon striking a foe, it will discharge some electrical energy
   and cause terrible harm.
   It affects your intelligence (+3).
   It protects you from negative energy.
   It affects your resistance to hostile enchantments.
Missiles
 a - 142 arrows
 d - 235 stones (quivered)
Armour
 e - a +0 pair of gloves (worn)
 r - a cursed +2 cloak (worn)
Jewellery
 l - a cursed ring of protection from magic (left hand)
 z - a +3 ring of protection (right hand)
 B - a +4 ring of dexterity
Wands
 b - a wand of polymorph (17)
 p - a wand of digging (24)
 x - a wand of random effects (28)
 y - a wand of flame (30)
Scrolls
 j - 14 scrolls of identify {unknown}
 n - a scroll of magic mapping {unknown}
 s - 6 scrolls of teleportation {unknown}
 t - 5 scrolls of enchant armour {unknown}
 v - 2 scrolls of amnesia {unknown}
 A - a scroll of fear {unknown}
 D - a scroll of remove curse
Potions
 f - a potion of berserk rage {unknown}
 g - 2 potions of flight {unknown}
 h - 3 potions of brilliance {unknown}
 i - 8 potions of heal wounds {unknown}
 k - 3 potions of curing
 m - 6 potions of might {unknown}
 o - a potion of lignification {unknown}
 u - a potion of ambrosia {unknown}
 w - 3 potions of degeneration {unknown}
Comestibles
 c - 24 rations
 C - 8 chunks of flesh


   Skills:
 + Level 7.7 Fighting
 - Level 2.0 Maces & Flails
 + Level 6.1 Dodging
 - Level 6.0 Unarmed Combat
 + Level 6.7 Spellcasting
 - Level 9.1 Transmutations
 - Level 5.0 Ice Magic
 - Level 6.0 Poison Magic
 - Level 3.0 Evocations


You had 11 spell levels left.
You knew the following spells:

 Your Spells              Type           Power        Failure   Level  Hunger
a - Beastly Appendage     Tmut           #####.       1%          1    None
b - Poisonous Vapours     Pois/Air       ###...       4%          2    None
c - Spider Form           Tmut/Pois      #####.....   1%          3    ##.....
d - Sticks to Snakes      Tmut           #####...     1%          2    None
e - Ice Form              Ice/Tmut       ####....     5%          4    ####...

Your spell library contained the following spells:

 Spells                   Type           Power        Failure   Level  Hunger
 Sting                    Conj/Pois      ###.         3%          1    None
 Blade Hands              Tmut           #####.....   7%          5    #####..
 Olgreb's Toxic Radiance  Pois           ####....     9%          4    ####...
 Animate Skeleton         Necr           N/A          11%         1    None
 Flame Tongue             Conj/Fire      #....        11%         1    None
 Pain                     Necr           #...         11%         1    None
 Mephitic Cloud           Conj/Pois/Air  ##......     14%         3    ##.....
 Throw Flame              Conj/Fire      #.....       16%         2    None
 Conjure Flame            Conj/Fire      #.......     30%         3    ##.....
 Inner Flame              Hex/Fire       #.......     30%         3    ##.....
 Regeneration             Chrm/Necr      #.........   30%         3    ##.....
 Vampiric Draining        Necr           #.........   30%         3    ##.....
 Venom Bolt               Conj/Pois      ###.......   63%         5    #####..
 Animate Dead             Necr           N/A          71%         4    ####...
 Sticky Flame             Conj/Fire      #.......     71%         4    ####...
 Fireball                 Conj/Fire      #.........   96%         5    #####..


Dungeon Overview and Level Annotations

Branches:
Dungeon (11/15)            Temple (0/1) D:5            Lair (0/6) D:11
    Orc: D:9-12

Altars:
Ashenzari
Cheibriados
Dithmenos
Gozag
Kikubaaqudgha
Nemelex Xobeh
Okawaru
Qazlal
Trog
Uskayaw
Vehumet
Xom
Yredelemnul
The Shining One

Annotations:
D:8 1 runed door, icedog's ghost, novice GnAr


Innate Abilities, Weirdness & Mutations

You can breathe blasts of noxious fumes.
Your lurid green scales are hard. (AC +7)
You cannot fit into any form of body armour.
Your system is resistant to poisons. (rPois)
You are cold-blooded and may be slowed by cold attacks.


Message History

The white ugly thing is heavily wounded.
The white ugly thing claws you! The white ugly thing freezes you!
You feel as though you will be slow longer.
* * * LOW HITPOINT WARNING * * *
The white ugly thing claws you.
* * * LOW HITPOINT WARNING * * *
The white ugly thing freezes you!
You feel as though you will be slow longer.
* * * LOW HITPOINT WARNING * * *
Casting: Poisonous Vapours (safe; 4% risk of failure)
Confirm with . or Enter, or press ? or * to list all spells.
Aiming: Poisonous Vapours (safe; 4% risk of failure)
Press: ? - help, Dir - move target cursor, f/p - white ugly thing
Aim: a white ugly thing (heavily wounded, poisoned) Poisonous vapours surround the white ugly thing!
The white ugly thing looks more healthy.
The white ugly thing is poisoned.
The white ugly thing claws you.
* * * LOW HITPOINT WARNING * * *
The white ugly thing freezes you!!
You die...

≈......≈≈≈≈≈≈....#
..>.....[........#
≈..(.≈≈≈≈≈≈≈≈....#
..≈...≈≈≈≈.......#
≈≈.≈≈≈≈≈≈≈≈≈≈....#
≈≈≈≈≈≈≈≈≈≈≈≈.....#
≈≈≈.≈≈..≈≈.......#
≈.≈≈......≈....u.###
...............)@..#
............)...####
............<......#
*
################..#
#..# #..# #..# #..#
#..#


You could see a white ugly thing.

Vanquished Creatures
  Nergalle (D:10)
  A manticore (D:11)
  2 cyclopes
  A troll (D:11)
  3 hippogriffs
  2 wyverns
  Eustachio (D:6)
  11 yaks
  3 hungry ghosts
  The ghost of H0rd4k the Charlatan, an amateur HuAr (D:5)
  Menkaure (D:6)
  2 sky beasts (D:7)
  3 ice beasts
  3 orc warriors
  A wolf (D:11)
  3 ogres
  2 centaurs
  7 bullfrogs
  4 scorpions
  A water moccasin skeleton (D:9)
  13 killer bees
  3 howler monkeys
  An electric eel (D:11)
  A centaur zombie (D:7)
  5 crimson imps
  A quasit (D:6)
  2 jellies
  12 hounds
  4 orc priests
  A bullfrog zombie (D:11)
  2 bullfrog skeletons
  7 orc wizards
  2 iguanas
  4 worker ants
  A howler monkey zombie (D:7)
  8 gnolls
  A howler monkey skeleton (D:4)
  8 adders
  3 shadow imps
  An adder skeleton (D:5)
  An adder zombie (D:8)
  4 worms
  A dart slug (D:4)
  3 leopard geckos
  28 orcs
  5 giant cockroaches
  9 goblins
  5 hobgoblins
  6 quokkas
  8 bats
  3 frilled lizards
  5 kobolds
  2 quokka skeletons
  8 rats
221 creatures vanquished.

Vanquished Creatures (collateral kills)
  A gargoyle (D:9)
  Sigmund (D:2)
  A yak (D:6)
  2 gnolls (D:3)
5 creatures vanquished.

Vanquished Creatures (others)
  A centaur (D:6)
1 creature vanquished.

Grand Total: 227 creatures vanquished

Notes
Turn   | Place    | Note
-------+----------+-------------------------------------------
     0 | D:1      | Knicklaso the Draconian Transmuter began the quest for the
                  | Orb.
     0 | D:1      | Reached XP level 1. HP: 16/16 MP: 3/3
   212 | D:1      | Reached XP level 2. HP: 16/23 MP: 5/5
   377 | D:1      | Learned a level 2 spell: Sticks to Snakes
  1563 | D:2      | Reached XP level 3. HP: 23/28 MP: 4/6
  1733 | D:2      | Found a basalt altar of Yredelemnul.
  2035 | D:2      | Noticed Sigmund
  2047 | D:2      | Killed Sigmund
  2047 | D:2      | Reached skill level 3 in Transmutations
  2047 | D:2      | Reached XP level 4. HP: 6/37 MP: 2/8
  2047 | D:2      | Reached XP level 5. HP: 7/42 MP: 2/9
  2812 | D:3      | Found a faded altar of an unknown god.
  2828 | D:3      | Became a worshipper of Ashenzari the Shackled
  2828 | D:3      | Reached * piety under Ashenzari
  2857 | D:3      | Reached XP level 6. HP: 16/50 MP: 6/10
  3456 | D:3      | Reached skill level 4 in Transmutations
  3690 | D:4      | Found an opulent altar of Gozag.
  3690 | D:4      | Found a sparkling altar of Nemelex Xobeh.
  3762 | D:4      | Found a shattered altar of Ashenzari.
  3813 | D:4      | Reached skill level 5 in Unarmed Combat
  3928 | D:4      | Learned a level 3 spell: Spider Form
  3933 | D:4      | Learned a level 4 spell: Ice Form
  3950 | D:4      | Got the whip "Med Foagonn" {elec, rN+ MR+ Int+3}
  3951 | D:4      | Identified the +7 whip "Med Foagonn" {elec, rN+ MR+ Int+3}
                  | (You found it on level 4 of the Dungeon)
  4399 | D:5      | Entered Level 5 of the Dungeon
  4495 | D:5      | Your scales start taking on a lurid green colour.
  4495 | D:5      | Reached XP level 7. HP: 50/57 MP: 11/11
  4495 | D:5      | Gained mutation: Your system is resistant to poisons.
                  | (rPois) [Green Draconian growth]
  4501 | D:5      | Noticed a hand axe
  4502 | D:5      | Reached ** piety under Ashenzari
  4503 | D:5      | Noticed a hand axe
  4505 | D:5      | Found a hide-covered altar of Uskayaw.
  4523 | D:5      | Reached skill level 1 in Poison Magic
  4626 | D:5      | Found a snail-covered altar of Cheibriados.
  4671 | D:5      | Found a staircase to the Ecumenical Temple.
  4875 | D:5      | Found a radiant altar of Vehumet.
  4898 | D:5      | Noticed H0rd4k's ghost (amateur HuAr)
  4899 | D:5      | Found a runed gate.
  4900 | D:5      | Found a runed gate.
  4901 | D:5      | Found a runed gate.
  4945 | D:5      | Reached skill level 1 in Ice Magic
  4952 | D:5      | Killed H0rd4k's ghost
  4952 | D:5      | Reached skill level 5 in Transmutations
  5128 | D:6      | Noticed a yak
  5131 | D:6      | Noticed a yak
  5156 | D:6      | Noticed a yak
  5159 | D:6      | Killed a yak
  5165 | D:6      | Killed a yak
  5165 | D:6      | Reached XP level 8. HP: 36/66 MP: 9/13
  5765 | D:6      | Noticed Menkaure
  5771 | D:6      | Found a shadowy altar of Dithmenos.
  5771 | D:6      | Noticed Eustachio
  5785 | D:6      | Killed Eustachio
  5785 | D:6      | Reached skill level 1 in Maces & Flails
  5785 | D:6      | Reached skill level 6 in Transmutations
  5785 | D:6      | Reached skill level 1 in Evocations
  5798 | D:6      | Killed Menkaure
  6027 | D:6      | Found a glowing golden altar of the Shining One.
  6103 | D:6      | Found a stormy altar of Qazlal.
  6255 | D:7      | Learned a level 2 spell: Poisonous Vapours
  6275 | D:7      | Reached XP level 9. HP: 68/72 MP: 15/15
  6995 | D:7      | Reached skill level 5 in Fighting
  7151 | D:7      | Reached skill level 7 in Transmutations
  7698 | D:8      | Found a runed door.
  7698 | D:8      | Found a shimmering altar of Xom.
  7698 | D:8      | Noticed icedog's ghost (novice GnAr)
  7709 | D:8      | Noticed a trident of chaos
  7771 | D:8      | Reached skill level 5 in Spellcasting
  8053 | D:8      | Found a bloodstained altar of Trog.
  8103 | D:8      | Reached XP level 10. HP: 61/83 MP: 9/17
  8508 | D:9      | Noticed a gargoyle
  8783 | D:8      | Reached skill level 8 in Transmutations
  9388 | D:9      | Found an iron altar of Okawaru.
  9648 | D:9      | Killed a gargoyle
 10017 | D:9      | Found an ancient bone altar of Kikubaaqudgha.
 10198 | D:9      | Reached skill level 5 in Dodging
 10348 | D:10     | Entered Level 10 of the Dungeon
 10368 | D:10     | Reached skill level 5 in Ice Magic
 10748 | D:10     | Noticed Nergalle
 10762 | D:10     | Killed Nergalle
 10762 | D:10     | Reached skill level 9 in Transmutations
 10935 | D:10     | Noticed a cyclops
 10936 | D:10     | Reached skill level 5 in Poison Magic
 11150 | D:10     | Reached *** piety under Ashenzari
 11511 | D:10     | Killed a cyclops
 11511 | D:10     | Reached XP level 11. HP: 92/92 MP: 11/20
 11739 | D:11     | Found a staircase to the Lair.
 11967 | D:11     | Noticed a white ugly thing
 11987 | D:11     | Mangled by a white ugly thing

Skill      XL: |  1  2  3  4  5  6  7  8  9 10 11 |
---------------+----------------------------------+-----
Fighting       | 2 3 4 5 7 |  7.7
Unarmed Combat | 4 5 6 |  6.0
Transmutations | 3 4 5 6 7 9 |  9.1
Spellcasting   | 3 4 5 6 |  6.7
Dodging        | 2 3 4 5 6 |  6.1
Poison Magic   | 2 5 6 |  6.0
Ice Magic      | 1 2 4 5 |  5.0
Maces & Flails | 2 |  2.0
Evocations     | 1 3 |  3.0

Action                   |  1- 3 |  4- 6 |  7- 9 | 10-12 || total
-------------------------+-------+-------+-------+-------++-------
Melee: Unarmed           |   139 |   139 |       |       ||   278
       Tailslap          |    16 |    20 |    16 |    19 ||    71
       Kick              |     9 |     4 |     2 |       ||    15
       Headbutt          |     6 |     4 |       |       ||    10
       Punch             |     2 |     1 |     4 |     4 ||    11
       Whip              |       |    10 |   203 |   221 ||   434
Throw: Stone             |       |       |     1 |     3 ||     4
 Cast: Beastly Appendage |    17 |    10 |     1 |       ||    28
       Sticks to Snakes  |     2 |     5 |     7 |     3 ||    17
       Poisonous Vapours |       |       |    39 |   102 ||   141
Invok: Curse Item        |       |     1 |       |     1 ||     2
 Stab: Sleeping          |       |     2 |     1 |       ||     3
       Distracted        |       |       |     1 |     1 ||     2
  Eat: Chunk             |     4 |     8 |    12 |    16 ||    40
Armor: Skin              |    35 |    48 |    76 |    92 ||   251
Dodge: Dodged            |    83 |   105 |   130 |   214 ||   532
